[Event "FIDE WCCC Open-08 2024"]
[Site "Montesilvano"]
[Date "2024.11.25"]
[Round "10.1"]
[White "Li, Aiden Linyuan"]
[Black "Guo, Philipp Ziming"]
[Result "0-1"]
[Annotator "RC"]
[ECO "B39"]
[WhiteElo "1877"]
[BlackElo "2139"]
[PlyCount "94"]
[EventDate "2024.11.18"]
[EventType "swiss"]
[EventCountry "ITA"]
[SourceTitle "playchess.com"]
[Source "ChessBase"]
[SourceQuality "1"]
[TimeControl "5400+30"]

1. e4 c5 2. Nf3 Nc6 3. d4 cxd4 4. Nxd4 g6 5. c4 Bg7 6. Be3 Nf6 7. Nc3 Ng4 8. Qxg4 Nxd4 9. Qd1 Ne6 10. Qd2 d6 11. Be2 b6 12. O-O O-O 13. f4 Bb7 14. Bf3 Nc5 15. Bd4 e5 16. Be3 f5 17. exf5 e4 18. f6 Qxf6 19. Be2 Rad8 20. Rad1 h6 21. Qc2 a5 22. a3 Bc6 23. Bd4 Qf7 24. Bxg7 Qxg7 25. b4 axb4 26. axb4 Ne6 27. c5 Nxf4 28. Bc4+ d5 29. Qxe4 dxc4 30. Qxc4+ Kh7 31. Rxd8 Qxc3 32. Qa2 Nh3+ 33. gxh3 Qe3+ 34. Qf2 Rxf2 35. Rxf2 Qg5+ 36. Kf1 Qxd8 37. Ke1 bxc5 38. bxc5 Qa5+ 39. Kf1 Qxc5 40. Rf7+ Kg8 41. Rf2 Bb5+ 42. Kg2 Qd5+ 43. Kg3 Bc6 44. h4 Qd3+ 45. Kg4 Qe4+ 46. Kg3 Qe3+ 47. Kg4 h5# 0-1

[Event "FIDE WCCC Open-08 2024"]
[Site "Montesilvano"]
[Date "2024.11.25"]
[Round "10.2"]
[White "Morozevich, Kirill Aleks"]
[Black "Sattwik Swain"]
[Result "0-1"]
[Annotator "NA RC"]
[ECO "D37"]
[WhiteElo "1484"]
[BlackElo "1787"]
[PlyCount "202"]
[EventDate "2024.11.18"]
[EventType "swiss"]
[EventCountry "ITA"]
[SourceTitle "playchess.com"]
[Source "ChessBase"]
[SourceQuality "1"]
[TimeControl "5400+30"]

1. d4 Nf6 2. c4 e6 3. Nf3 d5 4. Nc3 Be7 5. Bf4 O-O 6. e3 b6 7. cxd5 exd5 8. Be2 Bb7 9. O-O c5 10. h3 Nc6 11. Rc1 Rc8 12. a3 a6 13. Bd3 c4 14. Bf5 Ra8 15. e4 dxe4 16. Nxe4 Qd5 17. Ng3 Rad8 18. Bc7 Rde8 19. Bxb6 Bd6 20. Qc2 g6 21. Qd2 Bxg3 22. fxg3 Qxf5 23. Ng5 Ne4 24. Nxe4 Qxe4 25. Bc5 Qd5 26. Bxf8 Rxf8 27. Rf4 Re8 28. Rcf1 Re7 29. R1f2 a5 30. Rh4 Re4 31. Rxe4 Qxe4 32. d5 Ne5 33. Re2 Qd3 34. d6 f6 35. Rf2 Qxd2 36. Rxd2 Bc6 37. Kf2 Kf7 38. d7 Bxd7 39. Rd5 a4 40. Ke3 Ke6 41. Ra5 Kd6 42. Ra6+ Bc6 43. Kd4 h5 44. h4 Kc7 45. Ra7+ Kb6 46. Re7 Kb5 47. Re6 Nd7 48. Rd6 Kb6 49. Kxc4 Kc7 50. Rd2 f5 51. Kd4 Nf6 52. Ke5 Ne4 53. Rd3 Bb5 54. Re3 Bc4 55. Re1 Kc6 56. Kd4 Bf7 57. Ke5 Kd7 58. Re3 Ke7 59. Kf4 Kf6 60. Rd3 Nc5 61. Rd6+ Be6 62. Rd8 Ke7 63. Rd2 Bb3 64. Re2+ Kf6 65. Rd2 Ne6+ 66. Ke3 Ke5 67. Rd7 f4+ 68. gxf4+ Nxf4 69. g3 Nd5+ 70. Kd3 Kf5 71. Rd6 Nf6 72. Rb6 Nd5 73. Rd6 Ne7 74. Ke3 Kg4 75. Kf2 Kf5 76. Kf3 Nc6 77. Kf2 Ne5 78. Rd2 Nc4 79. Re2 Bd1 80. Re1 Nxb2 81. Ke3 Bb3 82. Kd4 Nc4 83. Rf1+ Kg4 84. Rg1 Nxa3 85. Kc3 Nb5+ 86. Kb4 Nd4 87. Rg2 Nf5 88. Ka3 Nxg3 89. Rh2 Ne4 90. Rg2+ Kf5 91. Kb4 Nd6 92. Rg5+ Kf6 93. Rg1 Nf5 94. Rh1 Ke5 95. Re1+ Kf4 96. Rf1+ Ke3 97. Rh1 Kf2 98. Rh2+ Kg3 99. Rh1 Nxh4 100. Rg1+ Ng2 101. Rxg2+ Kxg2 0-1

[Event "FIDE WCCC Open-08 2024"]
[Site "Montesilvano"]
[Date "2024.11.25"]
[Round "10.3"]
[White "Divith Reddy Adulla"]
[Black "Ulan, Rizat"]
[Result "1-0"]
[Annotator "NA RC"]
[ECO "B22"]
[WhiteElo "1784"]
[BlackElo "1783"]
[PlyCount "129"]
[EventDate "2024.11.18"]
[EventType "swiss"]
[EventCountry "ITA"]
[SourceTitle "playchess.com"]
[Source "ChessBase"]
[SourceQuality "1"]
[TimeControl "5400+30"]

1. e4 c5 2. c3 Nf6 3. e5 Nd5 4. d4 cxd4 5. Nf3 Nc6 6. cxd4 d6 7. Bc4 Nb6 8. Bb5 dxe5 9. Nxe5 Bd7 10. Nxd7 Qxd7 11. Nc3 Rd8 12. Qf3 e6 13. O-O Be7 14. Be3 a6 15. Bxc6 Qxc6 16. Qg4 g6 17. Bh6 Nd5 18. Rac1 Nxc3 19. Rxc3 Qd5 20. Bg7 Rg8 21. Be5 h5 22. Qe2 f6 23. Bg3 Kf7 24. Re1 Rc8 25. Rf3 Rc6 26. Qd2 Kg7 27. h4 Rd8 28. Rfe3 Kf7 29. Rb3 b5 30. Qh6 Bf8 31. Qe3 Qxd4 32. Qf3 Qd5 33. Qe2 Qd2 34. Qe4 Qd5 35. Qb1 Bh6 36. Rf3 Kg7 37. b3 Qd2 38. Qe4 Qd5 39. Qb1 e5 40. Bh2 Rc1 41. Rxc1 Bxc1 42. Bg3 Bd2 43. Qb2 Bb4 44. Kh2 Qd1 45. Bxe5 Rd2 46. Rxf6 Kh7 47. Qa1 Qxa1 48. Bxa1 Rxa2 49. Bd4 Rd2 50. Be5 Rd5 51. f4 a5 52. Rf7+ Kg8 53. Rg7+ Kf8 54. Rxg6 Bc5 55. Rg5 Kf7 56. Rxh5 Be3 57. Rf5+ Kg8 58. Rf6 Rd3 59. Ra6 Bd2 60. Ra7 Rxb3 61. h5 Be1 62. Rg7+ Kf8 63. h6 Bd2 64. Bd6+ Ke8 65. h7 1-0

[Event "FIDE WCCC Open-08 2024"]
[Site "Montesilvano"]
[Date "2024.11.25"]
[Round "10.4"]
[White "Elemes, Nurmukhamed"]
[Black "Protopopescu, Luca"]
[Result "1-0"]
[Annotator "NA RC"]
[ECO "E32"]
[WhiteElo "1735"]
[BlackElo "1818"]
[PlyCount "79"]
[EventDate "2024.11.18"]
[EventType "swiss"]
[EventCountry "ITA"]
[SourceTitle "playchess.com"]
[Source "ChessBase"]
[SourceQuality "1"]
[TimeControl "5400+30"]

1. d4 f5 2. c4 b6 3. Nf3 Bb7 4. g3 e6 5. Bg2 Bb4+ 6. Nbd2 Nf6 7. O-O O-O 8. a3 Be7 9. b4 a5 10. b5 d6 11. d5 exd5 12. Nd4 Qc8 13. cxd5 Rf7 14. Bh3 Bxd5 15. Bxf5 Qe8 16. e4 g6 17. exd5 gxf5 18. Nxf5 Bf8 19. Bb2 Qxb5 20. Bxf6 Rxf6 21. Qg4+ Rg6 22. Qf3 Qb2 23. Ne4 Nd7 24. Nh4 Rg7 25. Rac1 Nc5 26. Nf6+ Kh8 27. Nh5 Rg5 28. Qf7 Qe5 29. Nf3 Qf5 30. Nxg5 Qxg5 31. Rce1 Nd3 32. Re8 Rxe8 33. Qxe8 Qf5 34. f3 Ne5 35. g4 Nxg4 36. fxg4 Qxg4+ 37. Ng3 Qd4+ 38. Kg2 Qxd5+ 39. Ne4 Qa2+ 40. Kh1 1-0

[Event "FIDE WCCC Open-08 2024"]
[Site "Montesilvano"]
[Date "2024.11.25"]
[Round "10.5"]
[White "Pham, Han Nam"]
[Black "Meiyazhagan, Kaviinayan"]
[Result "1-0"]
[Annotator "NA RC"]
[ECO "A01"]
[WhiteElo "1912"]
[BlackElo "1707"]
[PlyCount "65"]
[EventDate "2024.11.18"]
[EventType "swiss"]
[EventCountry "ITA"]
[SourceTitle "playchess.com"]
[Source "ChessBase"]
[SourceQuality "1"]
[TimeControl "5400+30"]

1. b3 e5 2. Bb2 Nc6 3. Nf3 d6 4. c4 Nf6 5. e3 Be7 6. d4 exd4 7. exd4 O-O 8. Be2 Re8 9. O-O d5 10. Nc3 Bg4 11. h3 Bh5 12. Ne5 Bxe2 13. Nxe2 Qd6 14. Ng3 Qe6 15. f4 dxc4 16. f5 Qd6 17. bxc4 Nxe5 18. dxe5 Qb6+ 19. Bd4 Bc5 20. Rb1 Bxd4+ 21. Kh1 Qc5 22. exf6 Bxf6 23. Rxb7 Qxc4 24. Nh5 Be5 25. Qf3 f6 26. Rfb1 Qxa2 27. R7b3 Qa5 28. Qg4 g5 29. fxg6 Kf8 30. gxh7 Ke7 31. Ng7 Kd6 32. Rd3+ Kc6 33. Qd7+ 1-0

[Event "FIDE WCCC Open-08 2024"]
[Site "Montesilvano"]
[Date "2024.11.25"]
[Round "10.6"]
[White "Ayaan Phutane"]
[Black "Rajabov, Abdurahmon"]
[Result "0-1"]
[Annotator "NA RC"]
[ECO "E39"]
[WhiteElo "1796"]
[BlackElo "1515"]
[PlyCount "126"]
[EventDate "2024.11.18"]
[EventType "swiss"]
[EventCountry "ITA"]
[SourceTitle "playchess.com"]
[Source "ChessBase"]
[SourceQuality "1"]
[TimeControl "5400+30"]

1. d4 Nf6 2. c4 e6 3. Nc3 Bb4 4. Qc2 c5 5. Nf3 O-O 6. dxc5 Na6 7. a3 Bxc3+ 8. Qxc3 Nxc5 9. Bg5 Nfe4 10. Bxd8 Nxc3 11. Be7 Nb3 12. Bxf8 Kxf8 13. bxc3 Nxa1 14. e4 b6 15. Nd4 e5 16. Nb5 a6 17. Nc7 Rb8 18. Nd5 Nc2+ 19. Kd2 Nxa3 20. Bd3 b5 21. cxb5 Nxb5 22. Rb1 Rb7 23. c4 Nd4 24. Nb6 Rc7 25. Nd5 Rb7 26. Nb6 Rc7 27. Ke3 Bb7 28. c5 Ke7 29. Nc4 Nb5 30. Na5 Bc6 31. Ra1 Ra7 32. Nc4 Ke6 33. Nb6 Nc7 34. Bc4+ Kf6 35. Rd1 Ne6 36. Rd6 a5 37. Nd5+ Kg5 38. Ne7 a4 39. Nxc6 dxc6 40. Bxe6 fxe6 41. Rd2 Rb7 42. Ra2 Rb3+ 43. Kd2 a3 44. Kc2 Rb2+ 45. Rxb2 axb2 46. Kxb2 Kf4 47. f3 g5 48. Kb3 g4 49. Kb4 gxf3 50. gxf3 Kxf3 51. Ka5 Kxe4 52. Kb6 Kd5 53. h4 e4 54. h5 e3 55. h6 e2 56. Kc7 e1=Q 57. Kd7 e5 58. Ke7 e4 59. Kf7 e3 60. Kg7 e2 61. Kxh7 Qg3 62. Kh8 e1=B 63. h7 Bc3# 0-1

[Event "FIDE WCCC Open-08 2024"]
[Site "Montesilvano"]
[Date "2024.11.25"]
[Round "10.7"]
[White "Demchenko, Timofei"]
[Black "Adilbek, Adinur"]
[Result "1/2-1/2"]
[Annotator "NA RC"]
[ECO "B13"]
[WhiteElo "1969"]
[BlackElo "1651"]
[PlyCount "70"]
[EventDate "2024.11.18"]
[EventType "swiss"]
[EventCountry "ITA"]
[SourceTitle "playchess.com"]
[Source "ChessBase"]
[SourceQuality "1"]
[TimeControl "5400+30"]

1. e4 c6 2. d4 d5 3. exd5 cxd5 4. Bd3 Nc6 5. c3 Nf6 6. h3 e6 7. Nf3 Bd6 8. Be3 Bd7 9. Nbd2 Qc7 10. Qc2 Rc8 11. a3 a6 12. O-O-O b5 13. Kb1 Na5 14. g4 Nc4 15. Rhe1 Qb6 16. Ka2 Qa5 17. Nb3 Qa4 18. Nbd2 Qa5 19. Nb3 Qa4 20. Nc5 Qxc2 21. Bxc2 Bxc5 22. dxc5 Nxe3 23. Rxe3 Rxc5 24. g5 Nh5 25. b4 Rc7 26. Rxd5 O-O 27. Rd6 Nf4 28. Ne5 Bc8 29. Rf3 Nd5 30. Kb3 Bb7 31. Nd7 Rfc8 32. Nc5 a5 33. Rd3 a4+ 34. Kb2 Kf8 35. Rd7 Nb6 1/2-1/2

[Event "FIDE WCCC Open-08 2024"]
[Site "Montesilvano"]
[Date "2024.11.25"]
[Round "10.8"]
[White "Nurshin, Nurali"]
[Black "Hu, Junyan"]
[Result "0-1"]
[Annotator "RC"]
[ECO "B45"]
[WhiteElo "1612"]
[BlackElo "1924"]
[PlyCount "146"]
[EventDate "2024.11.18"]
[EventType "swiss"]
[EventCountry "ITA"]
[SourceTitle "playchess.com"]
[Source "ChessBase"]
[SourceQuality "1"]
[TimeControl "5400+30"]

1. e4 c5 2. Nf3 e6 3. d4 cxd4 4. Nxd4 Nf6 5. Nc3 Nc6 6. Be2 Bb4 7. O-O Bxc3 8. bxc3 Nxe4 9. Nxc6 bxc6 10. Qd4 d5 11. Ba3 Qf6 12. Qb4 a5 13. Qb6 Bd7 14. c4 Qc3 15. Bb2 Qb4 16. Qd4 f6 17. Rab1 c5 18. Qe3 Qd2 19. Rbd1 Qxe3 20. fxe3 Bc6 21. cxd5 exd5 22. Bf3 O-O-O 23. c4 dxc4 24. Rc1 Kb7 25. Bc3 Nxc3 26. Rxc3 Bxf3 27. gxf3 Kc6 28. Rxc4 Kb5 29. Rg4 g5 30. a4+ Kc6 31. f4 h5 32. Rg2 g4 33. Rc2 Rhe8 34. Rfc1 Rd5 35. Kf2 Re4 36. Ra2 h4 37. Rc3 f5 38. h3 g3+ 39. Kf3 Rd1 40. Rac2 Rf1+ 41. Kg2 Rf2+ 42. Rxf2 gxf2 43. Ra3 c4 44. Kxf2 Kc5 45. Ke2 Kb4 46. Ra1 Re8 47. Rb1+ Kxa4 48. Kd2 Re7 49. Ra1+ Kb5 50. Rb1+ Kc5 51. Ra1 Ra7 52. Kc3 a4 53. e4 fxe4 54. f5 Ra6 55. Rf1 Rf6 56. Rf4 Kd5 57. Rxh4 Rxf5 58. Rh8 Rf3+ 59. Kb4 e3 60. Re8 Kd4 61. Rd8+ Ke4 62. Kxc4 a3 63. Re8+ Kf4 64. Kd3 a2 65. Ra8 Rf2 66. h4 e2 67. Kd2 Rf1 68. Kxe2 a1=Q 69. Rf8+ Kg3 70. Rxf1 Qa6+ 71. Ke1 Kg2 72. Rf2+ Kg1 73. Rd2 Qf1# 0-1

[Event "FIDE WCCC Open-08 2024"]
[Site "Montesilvano"]
[Date "2024.11.25"]
[Round "10.9"]
[White "Huzela, Lukyan"]
[Black "Xu, Zhihan (Samuel)"]
[Result "0-1"]
[Annotator "NA RC"]
[ECO "C56"]
[WhiteElo "1651"]
[BlackElo "1881"]
[PlyCount "76"]
[EventDate "2024.11.18"]
[EventType "swiss"]
[EventCountry "ITA"]
[SourceTitle "playchess.com"]
[Source "ChessBase"]
[SourceQuality "1"]
[TimeControl "5400+30"]

1. e4 e5 2. d4 exd4 3. Nf3 Nc6 4. Bc4 Nf6 5. O-O Nxe4 6. Re1 d5 7. Bxd5 Qxd5 8. Nc3 Qd7 9. Nxe4 Be7 10. Bg5 O-O 11. Bxe7 Qxe7 12. Nxd4 Bd7 13. Nc3 Qb4 14. Ndb5 Rad8 15. a3 Qa5 16. Nd4 Qb6 17. Nxc6 Bxc6 18. Qc1 Rd6 19. b4 Rg6 20. g3 Qd4 21. Re3 Qh4 22. b5 Qxh2+ 23. Kf1 Rf6 24. Qe1 Bf3 25. Rxf3 Qh1+ 26. Ke2 Qxf3+ 27. Kf1 Qh1+ 28. Ke2 Re8+ 29. Kd2 Rxe1 30. Rxe1 Rd6+ 31. Kc1 Qxe1+ 32. Kb2 Qxf2 33. Ne4 Qd4+ 34. Nc3 Rd5 35. a4 Qb4+ 36. Ka2 Qxc3 37. Kb1 Rd1+ 38. Ka2 Ra1# 0-1

[Event "FIDE WCCC Open-08 2024"]
[Site "Montesilvano"]
[Date "2024.11.25"]
[Round "10.10"]
[White "Jevglevski, Lev"]
[Black "Badescu, Matei-Andrei"]
[Result "0-1"]
[Annotator "NA RC"]
[ECO "B95"]
[WhiteElo "1602"]
[BlackElo "1829"]
[PlyCount "51"]
[EventDate "2024.11.18"]
[EventType "swiss"]
[EventCountry "ITA"]
[SourceTitle "playchess.com"]
[Source "ChessBase"]
[SourceQuality "1"]
[TimeControl "5400+30"]

1. e4 c5 2. Nf3 d6 3. d4 cxd4 4. Nxd4 Nf6 5. Nc3 a6 6. Bg5 Nbd7 7. Qd3 e6 8. O-O-O Be7 9. f4 Qc7 10. g4 h6 11. Bxf6 Bxf6 12. h4 Nc5 13. Qc4 Qb6 14. f5 Be5 15. Be2 Bd7 16. Rhf1 Rc8 17. fxe6 fxe6 18. Nf3 Na4 19. Nxa4 Qe3+ 20. Kb1 Rxc4 21. Bxc4 Bxa4 22. Nxe5 dxe5 23. Bxe6 Rf8 24. Rfe1 Qb6 25. Bf5 g6 26. Bc8 0-1

[Event "FIDE WCCC Open-08 2024"]
[Site "Montesilvano"]
[Date "2024.11.25"]
[Round "10.11"]
[White "Mani, Sarbartho"]
[Black "Charyyev Charyhekim"]
[Result "1-0"]
[Annotator "NA RC"]
[ECO "B23"]
[WhiteElo "1824"]
[BlackElo "1589"]
[PlyCount "53"]
[EventDate "2024.11.18"]
[EventType "swiss"]
[EventCountry "ITA"]
[SourceTitle "playchess.com"]
[Source "ChessBase"]
[SourceQuality "1"]
[TimeControl "5400+30"]

1. e4 c5 2. Nc3 d6 3. f4 g6 4. Nf3 Bg7 5. Bc4 Nc6 6. d3 e6 7. O-O Nge7 8. Qe1 O-O 9. Bb3 Na5 10. Bd2 Nxb3 11. axb3 b6 12. Rb1 Bb7 13. Ne2 Nc6 14. Bc3 d5 15. Bxg7 Kxg7 16. Qc3+ d4 17. Qe1 Bc8 18. Ng3 Re8 19. Qf2 f5 20. Rbe1 Qc7 21. exf5 Qxf4 22. Re4 Qc7 23. f6+ Kh8 24. Ng5 Rf8 25. Rh4 Rf7 26. Nxf7+ Qxf7 27. Ne4 1-0

[Event "FIDE WCCC Open-08 2024"]
[Site "Montesilvano"]
[Date "2024.11.25"]
[Round "10.12"]
[White "Pera, Mikolaj"]
[Black "Morozov, Arkhip"]
[Result "1/2-1/2"]
[Annotator "NA RC"]
[ECO "B33"]
[WhiteElo "1446"]
[BlackElo "1687"]
[PlyCount "139"]
[EventDate "2024.11.18"]
[EventType "swiss"]
[EventCountry "ITA"]
[SourceTitle "playchess.com"]
[Source "ChessBase"]
[SourceQuality "1"]
[TimeControl "5400+30"]

1. e4 c5 2. Nf3 Nc6 3. d4 cxd4 4. Nxd4 Nf6 5. Nc3 e6 6. Ndb5 d6 7. Bf4 e5 8. Bg5 a6 9. Na3 b5 10. Nd5 Be7 11. Bxf6 Bxf6 12. c3 Bg5 13. Nc2 O-O 14. Bd3 Kh8 15. O-O Ne7 16. Nce3 Nxd5 17. Nxd5 Rb8 18. f4 exf4 19. Nxf4 Bb7 20. Qh5 Bh6 21. Rad1 Qe8 22. Rde1 Rd8 23. Kh1 Qe5 24. Qg4 Rde8 25. Re2 Re7 26. Nd5 Bc8 27. Qf3 Ree8 28. Nc7 Re7 29. Nd5 Re6 30. Qg3 Qxg3 31. hxg3 f6 32. Nb6 Bb7 33. Rfe1 Bc6 34. Nd5 Re5 35. Nc7 Bb7 36. Bc2 Rf7 37. Nd5 g6 38. Nb4 Rfe7 39. Bd3 Kg7 40. Nc2 Re8 41. Nd4 Ba8 42. Kg1 Kf7 43. Nf3 R5e7 44. Nd4 Bb7 45. Nf3 Bc8 46. Kf2 Bg7 47. Nd4 Bb7 48. Nf3 Kg8 49. Kg1 Kf7 50. Nd4 Bh6 51. Nf3 Ba8 52. Kf2 Bg7 53. Kg1 d5 54. exd5 Rxe2 55. Rxe2 Rxe2 56. Bxe2 Bxd5 57. b3 f5 58. c4 bxc4 59. bxc4 Bxf3 60. gxf3 Bd4+ 61. Kg2 Bc5 62. Kh3 Ke6 63. f4 h5 64. Kg2 Kd6 65. Bd1 Bd4 66. Ba4 Ke6 67. Bc6 Kf6 68. Kf3 Bc5 69. Bb7 a5 70. a4 1/2-1/2

[Event "FIDE WCCC Open-08 2024"]
[Site "Montesilvano"]
[Date "2024.11.25"]
[Round "10.13"]
[White "Zhu, Daniel"]
[Black "Kavish Palaniappan K"]
[Result "0-1"]
[Annotator "NA RC"]
[ECO "D00"]
[WhiteElo "2050"]
[BlackElo "1589"]
[PlyCount "88"]
[EventDate "2024.11.18"]
[EventType "swiss"]
[EventCountry "ITA"]
[SourceTitle "playchess.com"]
[Source "ChessBase"]
[SourceQuality "1"]
[TimeControl "5400+30"]

1. d4 d5 2. Bf4 Nf6 3. e3 c5 4. Nc3 e6 5. Nb5 Na6 6. c3 Be7 7. Nf3 O-O 8. Bd3 c4 9. Bc2 Bd7 10. a4 Qb6 11. Ne5 Bxb5 12. axb5 Qxb5 13. Qe2 Qb6 14. Bg5 Qd8 15. f4 Nd7 16. h4 f5 17. g4 Nxe5 18. dxe5 Nc5 19. O-O-O Nb3+ 20. Bxb3 cxb3 21. gxf5 Rxf5 22. e4 Rf8 23. Qg4 Bxg5 24. Qxe6+ Rf7 25. hxg5 Qa5 26. Kd2 dxe4 27. Rxh7 Rd8+ 28. Ke2 Rxd1 29. Qe8+ Kxh7 30. Qxf7 Rd8 31. Qh5+ Kg8 32. e6 Qa6+ 33. Ke3 Qd3+ 34. Kf2 Qd2+ 35. Kf1 Qc1+ 36. Kg2 Rd2+ 37. Kh3 Qh1+ 38. Kg4 Qf3+ 39. Kf5 Qxh5 40. e7 Qf7+ 41. Kxe4 Qxe7+ 42. Kf5 Qd7+ 43. Ke4 Qd3+ 44. Ke5 Re2# 0-1

[Event "FIDE WCCC Open-08 2024"]
[Site "Montesilvano"]
[Date "2024.11.25"]
[Round "10.14"]
[White "Batbileg, Boldbaatar"]
[Black "Zhang, Yangming"]
[Result "1/2-1/2"]
[Annotator "NA RC"]
[ECO "E04"]
[WhiteElo "1623"]
[BlackElo "1770"]
[PlyCount "87"]
[EventDate "2024.11.18"]
[EventType "swiss"]
[EventCountry "ITA"]
[SourceTitle "playchess.com"]
[Source "ChessBase"]
[SourceQuality "1"]
[TimeControl "5400+30"]

1. d4 Nf6 2. c4 e6 3. Nf3 d5 4. g3 dxc4 5. Bg2 c5 6. e3 Nc6 7. O-O Be7 8. Qa4 Bd7 9. Qxc4 b5 10. Qe2 c4 11. Ne5 Rc8 12. Nxd7 Qxd7 13. a4 a6 14. axb5 axb5 15. Nc3 Nb4 16. Ra5 Rb8 17. Bd2 O-O 18. Rfa1 Nd3 19. Ra7 Qd8 20. R1a5 b4 21. Na4 Nd5 22. b3 Nc3 23. Nxc3 bxc3 24. Bxc3 Rxb3 25. Ba1 Qb6 26. Ra2 Nc1 27. Qxc4 Nxa2 28. Rxa2 Rb8 29. h3 h6 30. d5 exd5 31. Bxd5 Qg6 32. Kg2 R3b4 33. Qe2 Bf6 34. Ra7 Rf8 35. Ra6 Qg5 36. e4 Bxa1 37. Rxa1 Qe7 38. Qd2 Qc5 39. Rc1 Qd4 40. Qf4 Qf6 41. Qe3 Qd4 42. Qf4 Qf6 43. Qe3 Qd4 44. Qf4 1/2-1/2

[Event "FIDE WCCC Open-08 2024"]
[Site "Montesilvano"]
[Date "2024.11.25"]
[Round "10.15"]
[White "Agar, Garig"]
[Black "Singh, Ian Avery"]
[Result "1/2-1/2"]
[Annotator "NA RC"]
[ECO "D30"]
[WhiteElo "1534"]
[BlackElo "1713"]
[PlyCount "150"]
[EventDate "2024.11.18"]
[EventType "swiss"]
[EventCountry "ITA"]
[SourceTitle "playchess.com"]
[Source "ChessBase"]
[SourceQuality "1"]
[TimeControl "5400+30"]

1. d4 d5 2. c4 c6 3. Nf3 Nf6 4. e3 e6 5. b3 Nbd7 6. Bd3 Bd6 7. Bb2 O-O 8. O-O Qe7 9. Nbd2 b6 10. e4 dxe4 11. Nxe4 Bc7 12. Re1 Bb7 13. Qc2 Nxe4 14. Bxe4 Nf6 15. Bd3 Rac8 16. Ne5 Rfd8 17. Rad1 c5 18. dxc5 bxc5 19. Qc3 Rd4 20. Qc1 Bxe5 21. Rxe5 Rg4 22. Rg5 Rxg5 23. Qxg5 h6 24. Qh4 Kf8 25. Re1 Rd8 26. Re3 Ng8 27. Qg4 Qg5 28. Qxg5 hxg5 29. Ba3 Ne7 30. Bxc5 Ke8 31. Kf1 Rc8 32. Bxe7 Kxe7 33. Be4 Bxe4 34. Rxe4 Rc7 35. Rd4 a5 36. Ke2 Rb7 37. Kd3 Rc7 38. a3 Rb7 39. Kc3 f5 40. c5 e5 41. Rd5 Ke6 42. Rd6+ Ke7 43. Ra6 e4 44. Kd4 Rxb3 45. Rxa5 Rb2 46. Ra7+ Ke6 47. Rxg7 Rxf2 48. Rxg5 Ra2 49. c6 Rxa3 50. c7 Ra8 51. Rg6+ Kd7 52. Rf6 Ra2 53. Rf7+ Kc8 54. Rg7 Ra3 55. h4 Rd3+ 56. Kc4 Rd1 57. h5 e3 58. h6 e2 59. h7 Rh1 60. Re7 Rxh7 61. Rxe2 Kxc7 62. Rf2 Kd6 63. Rxf5 Ke6 64. Rc5 Rh2 65. Rg5 Kf6 66. Rg8 Kf7 67. Rg4 Rh1 68. Kd5 Re1 69. Re4 Rg1 70. Re2 Kg6 71. Ke4 Ra1 72. g4 Kg5 73. Kf3 Ra3+ 74. Re3 Rxe3+ 75. Kxe3 Kxg4 1/2-1/2

[Event "FIDE WCCC Open-08 2024"]
[Site "Montesilvano"]
[Date "2024.11.25"]
[Round "10.17"]
[White "Nguyen Phuc Cao Danh"]
[Black "Stankowski, Wiktor"]
[Result "0-1"]
[Annotator "NA RC"]
[ECO "B92"]
[WhiteElo "1627"]
[BlackElo "1617"]
[PlyCount "102"]
[EventDate "2024.11.18"]
[EventType "swiss"]
[EventCountry "ITA"]
[SourceTitle "playchess.com"]
[Source "ChessBase"]
[SourceQuality "1"]
[TimeControl "5400+30"]

1. e4 c5 2. Nf3 d6 3. d4 cxd4 4. Nxd4 Nf6 5. Nc3 a6 6. Be3 e5 7. Nb3 Be6 8. f3 Be7 9. Be2 O-O 10. Qd2 Qc7 11. O-O-O Rc8 12. g4 d5 13. exd5 Nxd5 14. Nxd5 Bxd5 15. Kb1 Be6 16. Bd3 a5 17. Qf2 Nd7 18. f4 a4 19. Nd2 a3 20. Nb3 axb2 21. f5 Bd5 22. Bb5 Bh4 23. Qe2 Nf6 24. c4 Be4+ 25. Kxb2 Bxh1 26. Rxh1 Ne4 27. c5 Rxa2+ 28. Kxa2 Nc3+ 29. Kb2 Nxe2 30. Bxe2 Qc6 31. Rd1 Rd8 32. Rc1 Qe4 33. Rc3 Be1 34. Rc1 Qxe3 35. Rxe1 Qf2 36. Rc1 Qxe2+ 37. Rc2 Qxg4 38. f6 gxf6 39. Rc3 e4 40. Rg3 Qxg3 41. hxg3 Rd3 42. Kc2 Rxg3 43. Na5 Rg2+ 44. Kc3 e3 45. Nxb7 Rb2 46. Kxb2 e2 47. Kb3 e1=Q 48. Nd6 h5 49. Kc4 h4 50. c6 Qe6+ 51. Kc5 Qe5+ 0-1

[Event "FIDE WCCC Open-08 2024"]
[Site "Montesilvano"]
[Date "2024.11.25"]
[Round "10.18"]
[White "Kapitanski, Furion"]
[Black "Wang, Yihan(Ah)"]
[Result "0-1"]
[Annotator "NA RC"]
[ECO "B42"]
[WhiteElo "1707"]
[BlackElo "1630"]
[PlyCount "66"]
[EventDate "2024.11.18"]
[EventType "swiss"]
[EventCountry "ITA"]
[SourceTitle "playchess.com"]
[Source "ChessBase"]
[SourceQuality "1"]
[TimeControl "5400+30"]

1. e4 c5 2. Nf3 e6 3. d4 cxd4 4. Nxd4 a6 5. Bd3 Qc7 6. O-O Nf6 7. Qe2 d6 8. c4 Be7 9. Nc3 O-O 10. f4 Nbd7 11. Kh1 b6 12. Bd2 Bb7 13. Rae1 Rad8 14. b4 Rfe8 15. a3 Bf8 16. e5 dxe5 17. fxe5 Nxe5 18. Bf4 Bd6 19. Bxe5 Bxe5 20. Qxe5 Qxe5 21. Rxe5 Rxd4 22. Be2 Ng4 23. Rg5 Ne3 24. Ra1 Nxc4 25. b5 Ra8 26. a4 a5 27. Nd1 Rad8 28. Rc1 Nd6 29. Nc3 Ne4 30. Nxe4 Bxe4 31. h3 f6 32. Rg4 f5 33. Rh4 Bxg2+ 0-1

[Event "FIDE WCCC Open-08 2024"]
[Site "Montesilvano"]
[Date "2024.11.25"]
[Round "10.19"]
[White "Muratshin, Ramazan"]
[Black "Le, Khai"]
[Result "0-1"]
[Annotator "NA RC"]
[ECO "B73"]
[WhiteElo "1597"]
[BlackElo "1808"]
[PlyCount "72"]
[EventDate "2024.11.18"]
[EventType "swiss"]
[EventCountry "ITA"]
[SourceTitle "playchess.com"]
[Source "ChessBase"]
[SourceQuality "1"]
[TimeControl "5400+30"]

1. e4 c5 2. Nf3 d6 3. d4 cxd4 4. Nxd4 Nf6 5. Nc3 g6 6. Be2 Bg7 7. Be3 O-O 8. f4 Nc6 9. Bf3 Bd7 10. O-O a6 11. Qd2 Rc8 12. a4 Qc7 13. Rae1 Na5 14. Be2 Nc4 15. Bxc4 Qxc4 16. a5 Qb4 17. Nb3 Nxe4 18. Nxe4 Qxe4 19. c3 Qa4 20. Nd4 Qxa5 21. f5 Rce8 22. Bh6 Qb6 23. Kh1 e5 24. f6 exd4 25. Bxg7 dxc3 26. Qh6 Rxe1 27. Rxe1 Qf2 28. Rg1 cxb2 29. Bxf8 Qxg1+ 30. Kxg1 b1=Q+ 31. Kf2 Qf5+ 32. Ke1 Qxf6 33. Kd2 a5 34. Kc1 a4 35. g4 a3 36. g5 Qc3+ 0-1

[Event "FIDE WCCC Open-08 2024"]
[Site "Montesilvano"]
[Date "2024.11.25"]
[Round "10.20"]
[White "Bausys, Benas"]
[Black "Alloussi, Arian"]
[Result "1-0"]
[Annotator "NA RC"]
[ECO "C68"]
[WhiteElo "1564"]
[BlackElo "1745"]
[PlyCount "167"]
[EventDate "2024.11.18"]
[EventType "swiss"]
[EventCountry "ITA"]
[SourceTitle "playchess.com"]
[Source "ChessBase"]
[SourceQuality "1"]
[TimeControl "5400+30"]

1. e4 e5 2. Nf3 Nc6 3. Bb5 a6 4. Bxc6 dxc6 5. Nc3 Bg4 6. h3 Bxf3 7. Qxf3 Nf6 8. d3 Bd6 9. Bg5 h6 10. Bxf6 Qxf6 11. Qxf6 gxf6 12. O-O-O h5 13. Ne2 h4 14. g4 O-O-O 15. Rdf1 Rdf8 16. f4 Rhg8 17. Rf3 Kd7 18. Rhf1 Ke7 19. Nc3 b6 20. Nd1 Bc5 21. c3 b5 22. fxe5 fxe5 23. Rf5 f6 24. Kd2 Bb6 25. Ne3 Bxe3+ 26. Kxe3 c5 27. Rh5 Rh8 28. Rff5 Kf7 29. Rxh8 Rxh8 30. g5 Rg8 31. Rxf6+ Ke7 32. Rf5 Ke6 33. Kf3 Rd8 34. Ke2 Rg8 35. b3 a5 36. Ke3 Rg7 37. d4 cxd4+ 38. cxd4 exd4+ 39. Kxd4 Rd7+ 40. Rd5 Rf7 41. Re5+ Kd6 42. Rf5 c5+ 43. Rxc5 Rf2 44. e5+ Kd7 45. g6 Rg2 46. Rxb5 Rxg6 47. Rb7+ Ke8 48. Rh7 Rg2 49. Rxh4 Rxa2 50. Kd5 Rb2 51. Ke6 Kd8 52. Rd4+ Kc8 53. Rd3 Re2 54. h4 Rh2 55. Rd5 Rxh4 56. Rxa5 Rh6+ 57. Kd5 Rb6 58. e6 Kd8 59. Kc4 Rxe6 60. Rc5 Re7 61. Kb5 Rb7+ 62. Ka4 Rc7 63. Rxc7 Kxc7 64. Ka5 Kc6 65. b4 Kc7 66. Ka6 Kb8 67. Kb6 Ka8 68. Kc7 Ka7 69. b5 Ka8 70. Kb6 Kb8 71. Ka6 Kc7 72. Ka7 Kd6 73. b6 Kd5 74. b7 Ke4 75. b8=Q Kf3 76. Qe5 Kg2 77. Qf4 Kh1 78. Qg4 Kh2 79. Kb6 Kh1 80. Kc5 Kh2 81. Kd4 Kh1 82. Ke3 Kh2 83. Kf2 Kh1 84. Qg1# 1-0